 Dungeon Crawl Stone Soup version 0.18.1-50-g88ac8fd (webtiles) character file.

1 Amnesiac the Charlatan (level 1, 0/9 HPs)
             Began as a Vine Stalker Artificer on July 6, 2018.
             Slain by a hobgoblin
             ... wielding a +0 club
              (3 damage)
             ... on level 1 of the Dungeon.
             The game lasted 00:00:03 (41 turns).

Amnesiac the Charlatan (Vine Stalker Artificer)       Turns: 41, Time: 00:00:04

Health: 0/9        AC:  3    Str: 13    XL:     1   Next: 20%
Magic:  0/3        EV: 11    Int: 12    God:
Gold:   0          SH:  0    Dex: 14    Spells: 0 memorised, 0 levels left

rFire  . . .     SeeInvis .     a - +0 short sword
rCold  . . .     Gourm    .     b - +0 leather armour
rNeg   . . .     Faith    .     (no shield)
rPois  .         Spirit   +     (no helmet)
rElec  .         Dismiss  .     (no cloak)
rCorr  .         Reflect  .     (no gloves)
SustAt .         Harm     .     (no boots)
MR     .....                    (no amulet)
Stlth  ++........               (no ring)
                                (no ring)

@: not resistant to hostile enchantments, unstealthy
A: fangs 2, regeneration 1, magic shield, antimagic bite, no device heal 3, rot
immunity
a: no special abilities


You were on level 1 of the Dungeon.
You were not hungry.

You visited 1 branch of the dungeon, and saw 1 of its levels.

Inventory:

Hand Weapons
 a - a +0 short sword (weapon)
Armour
 b - a +0 leather armour (worn)
Wands
 c - a wand of flame (15/48)
 d - a wand of enslavement (15/24)
 e - a wand of random effects (15/48)
Comestibles
 f - a bread ration


   Skills:
 - Level 0.8 Fighting
 + Level 1.1 Short Blades
 - Level 1.5 Dodging
 - Level 1.2 Stealth
 - Level 2.6 Evocations


You couldn't memorise any spells.
You didn't know any spells.

Dungeon Overview and Level Annotations

Branches:
Dungeon (1/15)

Altars:


Innate Abilities, Weirdness & Mutations

You have extremely sharp teeth.
Your natural rate of healing is unusually fast.
When hurt, damage is shared between your health and your magic reserves.
Your bite disrupts and absorbs the magic of your enemies.
Potions and wands cannot restore your health.
You are immune to rotting.


Message History

Welcome, Amnesiac the Vine Stalker Artificer.
It is said that the Orb of Zot exists deep within this dungeon, but nobody has ever found it.
Press ? for a list of commands and other information.
Found a staircase leading out of the dungeon.
You open the door.
Found 9 stones.
No target in view!
There is an open door here.
You open the door.
There is an open door here.
Found a robe.
No target in view!
You open the door.
A hobgoblin comes into view. It is wielding a club.
Found a short sword.
A goblin comes into view. It is wielding a dagger.
There is an open door here.
There are monsters nearby!
There are monsters nearby!
The goblin shouts!
You barely miss the goblin. The goblin hits you with a dagger.
You closely miss the goblin. You bite the goblin, but do no damage.
The goblin hits you with a dagger. The hobgoblin barely misses you.
You hit the goblin. You bite the goblin. You drain its power.
You feel invigorated.
The goblin is severely wounded.
The goblin closely misses you.
You barely miss the goblin.
The goblin is severely wounded.
The hobgoblin hits you with a club.
* * * LOW HITPOINT WARNING * * *
The goblin hits you but does no damage.
You hit the goblin.
You kill the goblin!
Your Short Blades skill increases to level 1!
The hobgoblin misses you.
You hit the hobgoblin.
The hobgoblin is heavily wounded.
The hobgoblin barely misses you.
You barely miss the hobgoblin.
The hobgoblin is heavily wounded.
The hobgoblin hits you with a club.
You die...

#####.........#
..............#
..............#
.............###
..............
.####............
.......g.).......
#.)@...........
#####'####.. ..
###.#######.#
+........##.#
....#######..#.#
...# ##.#.# ..
#...# ##..# #..#


You could see a hobgoblin.

Vanquished Creatures
  A goblin (D:1)
1 creature vanquished.

Notes
Turn   | Place    | Note
--------------------------------------------------------------
     0 | D:1      | Amnesiac the Vine Stalker Artificer began the quest for the Orb.
     0 | D:1      | Reached XP level 1. HP: 9/9 MP: 3/3
    39 | D:1      | Reached skill level 1 in Short Blades
    41 | D:1      | Slain by a hobgoblin

Skill      XL: |  1 |
---------------+----+-----
Short Blades   | 1 |  1.1
Fighting       | |  0.8
Dodging        | |  1.5
Stealth        | |  1.2
Evocations     | |  2.6

Action                   || total
-------------------------++-------
Melee: Short sword       ||     7
       Bite              ||     2
Dodge: Dodged            ||     4
